 Dungeon Crawl Stone Soup version 0.24-a0-358-g53aee78b01 (webtiles) character file.

Game seed: 775066385474932880

102 Azzok the Magician (level 4, -11/24 HPs)
             Began as a Deep Elf Fire Elementalist on May 25, 2019.
             Killed from afar by Robin (14 damage)
             ... with a puff of flame
             ... on level 2 of the Dungeon.
             The game lasted 00:02:55 (2354 turns).

Azzok the Magician (Deep Elf Fire Elementalist)     Turns: 2354, Time: 00:02:55

Health: -11/24     AC:  3    Str:  5    XL:     4   Next: 50%
Magic:  8/12       EV: 13    Int: 21    God:
Gold:   110        SH:  0    Dex: 15    Spells: 8/12 levels left

rFire    . . .     SeeInvis .   (no weapon)
rCold    . . .     Gourm    .   (no shield)
rNeg     . . .     Faith    .   a - +0 robe
rPois    .         Spirit   .   (no helmet)
rElec    .         Reflect  .   (no cloak)
rCorr    .         Harm     .   k - +0 pair of gloves
MR       .....                  (no boots)
Stlth    ++........             (no amulet)
HPRegen  0.08/turn              (no ring)
MPRegen  0.13/turn              (no ring)

@: no status effects
A: no striking features
a: no special abilities


You were on level 2 of the Dungeon.
You were not hungry.

You visited 1 branch of the dungeon, and saw 2 of its levels.

You collected 110 gold pieces.

Inventory:

Armour
 a - a +0 robe (worn)
 k - a +0 pair of gloves (worn)
Jewellery
 b - an uncursed ring of fire {unknown}
Scrolls
 d - 12 scrolls of identify {unknown}
 e - a scroll of remove curse {unknown}
 g - a scroll of fog {unknown}
 h - a scroll of immolation {unknown}
 i - 2 scrolls of amnesia {unknown}
 j - 2 scrolls of enchant armour {unknown}
Potions
 f - a potion of lignification {unknown}
Comestibles
 c - 7 rations
 l - 6 chunks of flesh


   Skills:
 - Level 2.4 Dodging
 - Level 2.4 Stealth
 + Level 4.5 Spellcasting
 + Level 2.8 Conjurations
 + Level 4.3 Fire Magic


You had 8 spell levels left.
You knew the following spells:

 Your Spells              Type           Power        Failure   Level  Hunger
a - Flame Tongue          Conj/Fire      ###..        2%          1    None
b - Conjure Flame         Conj/Fire      ###.....     8%          3    ##.....

Your spell library contained the following spells:

 Spells                   Type           Power        Failure   Level  Hunger
 Throw Flame              Conj/Fire      ###...       4%          2    #......
 Inner Flame              Hex/Fire       ##......     14%         3    ##.....
 Sticky Flame             Conj/Fire      ###.....     26%         4    ####...
 Fireball                 Conj/Fire      ###.......   58%         5    ######.


Dungeon Overview and Level Annotations

Branches:
Dungeon (2/15)

Altars:
Cheibriados

Annotations:
D:2 Robin


Message History

Confirm with . or Enter, or press ? or * to list all spells.
Aiming: Flame Tongue (safe; 2% risk of failure)
Press: ? - help, Shift-Dir - straight line, f - goblin, p - Robin
Aim: a goblin (unusually strong)
The flame tongue misses the goblin.
The goblin hits you.
* * * LOW HITPOINT WARNING * * *
Casting: Flame Tongue (safe; 2% risk of failure)
Confirm with . or Enter, or press ? or * to list all spells.
Aiming: Flame Tongue (safe; 2% risk of failure)
Press: ? - help, Shift-Dir - straight line, f/p - goblin
Aim: a goblin (unusually strong)
The flame tongue hits the goblin!
You kill the goblin!
Robin's bangles clink loudly.
Robin zaps a wand.
The puff of flame misses you.
There is a stone staircase leading down here.
You see here a +0 club.
Robin zaps a wand.
The puff of flame hits you!
Ouch! That really hurt!
You die...

·········▒ ···⌠··▒
··▒▒▒▒▒▒·▒ ⌠·····▒ ··▒ ▒·▒
▒▒·_·▒▒ ··▒ ▒▒·▒ ▒▒▒▒
··▒▒▒▒▒··▒ ▒▒▒▒▒▒▒▒▒▒
········▒▒▒▒▒▒▒···▒▒···▒▒
··▒·▒▒▒>····g▒·÷········▒▒
····▒▒▒▒▒▒▒▒···)········(▒
·············)··@·)·)··<·▒
···▒▒▒▒▒▒▒▒▒▒············▒
▒▒▒▒ ▒▒··········▒▒ ···
▒▒···▒▒···▒▒ ▒ ▒▒▒▒▒▒▒▒▒▒
▒▒ ▒▒ ·▒▒▒▒··
··▒···▒▒▒▒▒▒▒▒▒▒▒
················▒▒


You could see Robin.

Vanquished Creatures
  An adder (D:2)
  2 oozes (D:1)
  A worm (D:2)
  3 dart slugs (D:1)
  4 leopard geckos
  4 bats
  18 goblins
  14 hobgoblins
  7 kobolds
  A quokka (D:2)
  3 frilled lizards
  9 rats
67 creatures vanquished.

Notes
Turn   | Place    | Note
-------+----------+-------------------------------------------
     0 | D:1      | Azzok the Deep Elf Fire Elementalist began the quest for
                  | the Orb.
     0 | D:1      | Reached XP level 1. HP: 10/10 MP: 6/6
    91 | D:1      | Reached XP level 2. HP: 15/15 MP: 0/8
   525 | D:1      | Reached XP level 3. HP: 19/19 MP: 8/10
   530 | D:1      | Learned a level 3 spell: Conjure Flame
  1127 | D:2      | Noticed Robin
  1534 | D:2      | Reached XP level 4. HP: 24/24 MP: 9/12
  2314 | D:2      | Found a snail-covered altar of Cheibriados.
  2332 | D:2      | HP: 1/24 [goblin[Robin] (3)]
  2354 | D:2      | Killed from afar by Robin

Levels and vault maps discovered:
D:1:      minmay_arrival_three_doors, layout_basic, minmay_pentomino_t4
D:2:      layout_rooms, gammafunk_temple_overflow_pools, first_ration,
          minmay_misc_feat_plants, uniq_robin

Skill      XL: |  1  2  3 |
---------------+----------+-----
Conjurations   | 2 |  2.8
Spellcasting   | 4 |  4.5
Fire Magic     | 4 |  4.3
Dodging        | |  2.4
Stealth        | |  2.4

Action                   |  1- 3 |  4- 6 || total
-------------------------+-------+-------++-------
 Cast: Flame Tongue      |    70 |    35 ||   105
  Eat: Chunk             |     2 |     2 ||     4
Armor: Robe              |     6 |     2 ||     8
Dodge: Dodged            |    25 |    18 ||    43

Table legend:
 A = Non-vault XP
 B = Vault XP
 C = Vault XP percentage of total XP
 D = Non-vault monster count
 E = Vault monster count
 F = Vault count percentage of total count
                 A         B        C        D         E       F
            +---------+---------+-------+---------+---------+-------
      Total |     119 |      28 |  19.0 |      54 |      13 |  19.4
            +---------+---------+-------+---------+---------+-------
        D:1 |      59 |       9 |  13.2 |      26 |       3 |  10.3
        D:2 |      60 |      19 |  24.1 |      28 |      10 |  26.3
            +---------+---------+-------+---------+---------+-------
